 Dungeon Crawl Stone Soup version 0.27-a0-1196-g3e9cee4cb2 (webtiles) character file.

Game seed: 14824527730324564091

42547 bande the Blocker (level 14, -9/86 HPs)
             Began as a Gargoyle Fighter on May 29, 2021.
             Was the Champion of Okawaru.
             Mangled by a dire elephant (11 damage)
             ... on level 6 of the Lair of Beasts on May 30, 2021.
             The game lasted 00:44:47 (22531 turns).

bande the Blocker (Gargoyle Fighter)               Turns: 22531, Time: 00:44:48

Health: -9/86      AC: 29    Str: 24    XL:     14   Next: 20%
Magic:  0/30       EV: 10    Int: 12    God:    Okawaru [******]
Gold:   905        SH: 14    Dex: 10    Spells: 13/13 levels left

rFire    + . .     SeeInvis .   a - +1 war axe
rCold    . . .     Faith    .   c - +1 kite shield
rNeg     + . .     Spirit   +   O - +4 scale mail {rF+}
rPois    ∞         Reflect  .   L - +0 helmet {Int+3}
rElec    +         Harm     .   y - +2 cloak
rCorr    .         Rampage  .   b - +0 pair of gloves
Will     +....                  (no boots)
Stlth    ..........             g - amulet of guardian spirit
HPRegen  0.24/turn              k - ring of magical power
MPRegen  0.22/turn              (no ring)

@: mighty, flying
A: sickness immunity, AC +10, big wings, negative energy resistance 1,
electricity resistance, torment resistance 1, petrification resistance
a: Renounce Religion, Heroism, Finesse


You were on level 6 of the Lair of Beasts.
You worshipped Okawaru.
Okawaru was exalted by your worship.
You visited 3 branches of the dungeon, and saw 17 of its levels.

You collected 905 gold pieces.

Inventory:

Hand Weapons
 a - a +1 war axe (weapon)
 d - a +1 vorpal flail
 v - a +1 hand axe of venom
Missiles
 w - 4 boomerangs of dispersal (quivered)
 z - a throwing net
 E - 3 atropa-tipped darts
 H - 6 curare-tipped darts
Armour
 b - a +0 pair of gloves (worn)
 c - a +1 kite shield (worn)
 y - a +2 cloak (worn)
 L - a +0 helmet of intelligence (worn)
 O - a +4 scale mail of fire resistance (worn)
 Q - the +4 scale mail of Weightlessness {rPois rCorr SInv}
   (You found it on level 4 of the Lair of Beasts)

   It protects you from poison.
   It lets you see invisible.
   It protects you from acid and corrosion.
Jewellery
 g - an amulet of guardian spirit (around neck)
 k - a ring of magical power (left hand)
 n - a ring of fire
 u - an amulet of regeneration
 G - a ring of ice
 K - a ring of positive energy
Wands
 h - a wand of flame (22)
 t - a wand of paralysis (9)
 N - a wand of iceblast (16)
 P - a wand of polymorph (4)
Scrolls
 f - a scroll of identify
 i - 2 scrolls of fog
 o - 4 scrolls of magic mapping
 s - 8 scrolls of teleportation
 x - a scroll of enchant armour
 A - 2 scrolls of amnesia
 C - 2 scrolls of summoning
 F - 2 scrolls of blinking
 I - 4 scrolls of enchant weapon
 M - 2 scrolls of fear
 R - 3 scrolls of acquirement
 T - a scroll of immolation {unknown}
Potions
 e - 3 potions of invisibility
 j - 3 potions of brilliance
 m - 2 potions of flight
 p - 2 potions of haste
 q - 3 potions of magic
 r - 4 potions of curing
 B - 2 potions of berserk rage
 D - a potion of might
 S - a potion of cancellation
Miscellaneous
 J - a phantom mirror


   Skills:
 + Level 9.4 Fighting
 + Level 11.5 Axes
 + Level 9.7 Armour
 - Level 1.1 Dodging
 + Level 12.3 Shields
 * Level 10.4 Invocations
 * Level 9.1 Evocations


You had 13 spell levels left.
You didn't know any spells.
Your spell library contained the following spells:

 Spells                   Type           Power      Damage    Failure   Level
 Animate Skeleton         Necr           0%         N/A       69%         1
 Apportation              Tloc           0%         N/A       69%         1
 Magic Dart               Conj           0%         1d3       69%         1
 Pain                     Necr           0%         1d4       69%         1
 Summon Small Mammal      Summ           0%         N/A       69%         1
 Blink                    Tloc           N/A        N/A       83%         2
 Call Imp                 Summ           0%         N/A       83%         2
 Slow                     Hex            0%         N/A       83%         2
 Call Canine Familiar     Summ           0%         N/A       96%         3
 Conjure Flame            Conj/Fire      0%         6-21      96%         3
 Lesser Beckoning         Tloc           0%         N/A       96%         3
 Mephitic Cloud           Conj/Pois/Air  0%         N/A       96%         3
 Summon Guardian Golem    Hex/Summ       0%         N/A       96%         3
 Tukima's Dance           Hex            0%         N/A       96%         3
 Vampiric Draining        Necr           0%         2d6       96%         3
 Animate Dead             Necr           0%         N/A       100%        4
 Summon Ice Beast         Ice/Summ       0%         N/A       100%        4
 Summon Lightning Spire   Summ/Air       0%         N/A       100%        4
 Agony                    Necr           0%         N/A       100%        5
 Alistair's Intoxication  Tmut/Pois      0%         N/A       100%        5
 Invisibility             Hex            0%         N/A       100%        6


Dungeon Overview and Level Annotations

Branches:
Dungeon (10/15)            Temple (1/1) D:4            Lair (6/6) D:10
 Shoals (0/4) Lair:3        Snake (0/4) Lair:2        Slime (0/5) Lair:6
    Orc: D:9-12

Altars:
Ashenzari
Dithmenos
Elyvilon
Fedhas
Gozag
Hepliaklqana
Kikubaaqudgha
Makhleb
Nemelex Xobeh
Okawaru
Qazlal
Ru
Sif Muna
Trog
Uskayaw
Vehumet
Wu Jian
Xom
Yredelemnul
Zin
The Shining One
Jiyva


Innate Abilities, Weirdness & Mutations

You are immune to sickness and miasma.
Your stone body is resilient. (AC +10)
You are immune to poison.
Your large and strong wings let you fly.
You resist negative energy. (rN+)
You are resistant to electric shocks. (rElec)
You are resistant to unholy torment.
You are immune to petrification.


Message History

You completely miss the dire elephant.
The dire elephant is moderately wounded.
You hit the komodo dragon. You block the dire elephant's attack.
The dire elephant trunk-slaps you!
* * * LOW HITPOINT WARNING * * *
The komodo dragon bites you but does no damage.
You slash the dire elephant!
The dire elephant is moderately wounded.
You hit the komodo dragon but do no damage.
You block the dire elephant's attack. The dire elephant trunk-slaps you!
* * * LOW HITPOINT WARNING * * *
You block the komodo dragon's attack.
You slash the dire elephant!
The dire elephant is heavily wounded.
You hit the komodo dragon but do no damage.
You block the dire elephant's attack.
The dire elephant trunk-slaps you but does no damage.
The komodo dragon barely misses you.
You hit the dire elephant but do no damage.
The dire elephant is heavily wounded.
You hit the komodo dragon but do no damage.
You block the dire elephant's attack. The dire elephant barely misses you.
The komodo dragon bites you but does no damage.
You slash the dire elephant!
The dire elephant is heavily wounded.
You hit the komodo dragon but do no damage.
You block the dire elephant's attack.
The dire elephant trunk-slaps you but does no damage.
The komodo dragon bites you but does no damage.
Unknown command.
You feel very mighty all of a sudden.
The dire elephant tramples you but does no damage.
You block the dire elephant's attack. The komodo dragon bites you.
* * * LOW HITPOINT WARNING * * *
You don't have enough magic at the moment.
Unknown command.
You completely miss the komodo dragon.
The komodo dragon is severely wounded.
You hit the dire elephant. The dire elephant tramples you!
You die...

############** #...........,*
##...........,* #............,*
#### #............#**** #P.#
#####...........#**,***
##..#######...##....PPP...#,,,,,,
.P..#.....#...........P..###....,
.....#...#÷.....@...............,
..........#.....lY..............,
.........#.#.....#..............,
............#.#.................,
....#........#÷..#...#.#........,
............#.#.#.#...#.........,
.............#.#.#.#.#..........,
............#.#.#.....#.........,
.......P...#.#.#.#.#.#.#........,


You could see a dire elephant and a komodo dragon.

Vanquished Creatures
  A boulder beetle (Lair:2)
  7 hydras
  A catoblepas (Lair:4)
  2 two-headed ogres
  4 death yaks (Lair:5)
  A centaur warrior (D:9)
  A sea snake (Lair:6)
  2 manticores (Lair:6)
  3 elephants (Lair:6)
  6 black mambas
  14 cane toads
  A kobold demonologist (D:9)
  4 rime drakes
  8 komodo dragons
  3 trolls
  A wind drake (Lair:6)
  20 blink frogs
  2 merfolk (Lair:3)
  4 polar bears
  Grinder (D:5)
  2 hornets
  3 wyverns
  A yak (shapeshifter) (D:8)
  34 yaks
  Eustachio (D:5)
  6 basilisks
  A steam dragon (D:8)
  Edmund (D:5)
  Menkaure (D:5)
  3 nagas
  19 water moccasins
  3 orc warriors
  A sky beast (D:6)
  3 black bears
  12 wolves
  3 ogres
  A necrophage (D:5)
  3 centaurs
  2 kobold brigands (D:10)
  2 phantoms (D:4)
  15 bullfrogs
  4 scorpions
  A water moccasin skeleton (D:5)
  4 wights (D:7)
  An electric eel (Lair:3)
  2 howler monkeys (D:9)
  2 centaur zombies
  4 orc priests
  2 gnoll shamans
  Crazy Yiuf (D:2)
  A bullfrog skeleton (D:5)
  A hound (D:5)
  A jelly (D:5)
  10 iguanas
  A centaur skeleton (D:6)
  5 orc wizards
  A killer bee zombie (D:5)
  A hound skeleton (D:4)
  2 howler monkey zombies (D:7)
  10 gnolls
  14 adders
  A shadow imp (D:7)
  2 white imps
  An ufetubus (D:5)
  2 adder skeletons (D:4)
  3 worms (D:3)
  17 orcs
  8 endoplasms
  3 giant cockroaches
  4 hobgoblins
  6 jackals
  16 kobolds
  A quokka (D:5)
  2 ball pythons (D:3)
  8 frilled lizards
  7 goblins
  3 rats (D:2)
  A butterfly (Lair:2)
356 creatures vanquished.

Vanquished Creatures (others)
  An orc wizard (D:10)
  41 fungi
  95 plants
  9 toadstools (Lair:6)
146 creatures vanquished.

Grand Total: 502 creatures vanquished

Notes
Turn   | Place    | Note
-------+----------+-------------------------------------------
     0 | D:1      | bande the Gargoyle Fighter began the quest for the Orb.
     0 | D:1      | Reached XP level 1. HP: 14/14 MP: 1/1
   277 | D:1      | Reached XP level 2. HP: 19/19 MP: 2/2
   507 | D:1      | Found a faded altar of an unknown god.
   941 | D:2      | You fall into a shaft and drop 2 floors!
   946 | D:4      | Reached XP level 3. HP: 23/23 MP: 3/3
  1049 | D:4      | Noticed a black bear
  1052 | D:4      | Noticed a phantom
  1056 | D:4      | HP: 1/23 [black bear (1)]
  1066 | D:4      | Killed a black bear
  1067 | D:4      | Reached skill level 4 in Shields
  1067 | D:4      | Reached skill level 1 in Evocations
  1067 | D:4      | Reached XP level 4. HP: 7/28 MP: 4/4
  1067 | D:4      | Reached XP level 5. HP: 8/32 MP: 5/5
  1072 | D:4      | Killed a phantom
  1073 | D:4      | Reached skill level 1 in Dodging
  1786 | D:2      | Found a runed translucent door.
  1787 | D:2      | Noticed Crazy Yiuf
  1919 | D:2      | Reached XP level 6. HP: 38/38 MP: 6/6
  2214 | D:2      | Killed Crazy Yiuf
  3246 | D:4      | Found a staircase to the Ecumenical Temple.
  3258 | Temple   | Entered the Ecumenical Temple
  3310 | Temple   | Became a worshipper of Warmaster Okawaru
  3921 | D:5      | Entered Level 5 of the Dungeon
  4059 | D:5      | Reached XP level 7. HP: 43/43 MP: 7/7
  4066 | D:5      | Noticed Grinder
  4074 | D:5      | Paralysed by Grinder for 3 turns
  4090 | D:5      | Paralysed by Grinder for 3 turns
  4103 | D:5      | Paralysed by Grinder for 3 turns
  4107 | D:5      | Killed Grinder
  4107 | D:5      | Reached * piety under Okawaru
  4108 | D:5      | Reached skill level 1 in Invocations
  4381 | D:5      | Noticed Edmund
  4410 | D:5      | Killed Edmund
  4411 | D:5      | Reached skill level 5 in Shields
  4411 | D:5      | Reached XP level 8. HP: 27/48 MP: 7/9
  4488 | D:5      | Reached skill level 5 in Armour
  4580 | D:5      | Noticed Eustachio
  4604 | D:5      | Killed Eustachio
  4604 | D:5      | Reached ** piety under Okawaru
  4605 | D:5      | Reached skill level 5 in Axes
  5542 | D:5      | Found a basalt altar of Yredelemnul.
  5560 | D:5      | Noticed Menkaure
  5572 | D:5      | Killed Menkaure
  6201 | D:6      | Reached skill level 5 in Fighting
  6201 | D:6      | Reached XP level 9. HP: 54/54 MP: 11/11
  6330 | D:6      | Found an ancient bone altar of Kikubaaqudgha.
  6771 | D:7      | Found a sacrificial altar of Ru.
  6895 | D:7      | Reached skill level 6 in Shields
  6989 | D:8      | Reached *** piety under Okawaru
  7559 | D:8      | Found a broken altar of Ashenzari.
  7674 | D:8      | Noticed a two-headed ogre
  7688 | D:8      | Killed a two-headed ogre
  7688 | D:8      | Reached **** piety under Okawaru
  7959 | D:8      | Received a gift from Okawaru
  7989 | D:8      | Noticed a komodo dragon
  8036 | D:8      | Killed a komodo dragon
  8037 | D:8      | Reached skill level 7 in Shields
  8037 | D:8      | Reached skill level 5 in Invocations
  8037 | D:8      | Reached skill level 5 in Evocations
  8037 | D:8      | Reached XP level 10. HP: 29/60 MP: 13/13
  8310 | D:8      | Noticed a salamander
  8314 | D:8      | a salamander changed into a yak
  9259 | D:9      | Noticed a centaur warrior
  9274 | D:9      | Killed a centaur warrior
  9274 | D:9      | Reached ***** piety under Okawaru
  9972 | D:9      | Reached skill level 8 in Shields
 10405 | D:9      | Noticed a two-headed ogre
 10417 | D:9      | Killed a two-headed ogre
 10417 | D:9      | Received a gift from Okawaru
 10418 | D:9      | Reached XP level 11. HP: 52/66 MP: 15/15
 11094 | D:10     | Entered Level 10 of the Dungeon
 12007 | D:10     | Found a staircase to the Lair.
 12341 | D:10     | Found a burning altar of Makhleb.
 12345 | D:10     | Found a hide-covered altar of Uskayaw.
 12350 | D:10     | Found an ornate altar of the Wu Jian Council.
 12429 | Lair:1   | Entered Level 1 of the Lair of Beasts
 12559 | Lair:1   | Noticed a four-headed hydra
 12587 | Lair:1   | Killed a four-headed hydra
 12588 | Lair:1   | Reached skill level 9 in Shields
 13839 | Lair:1   | Reached ****** piety under Okawaru
 13840 | Lair:1   | Reached XP level 12. HP: 69/72 MP: 17/17
 14086 | Lair:2   | Reached skill level 10 in Shields
 14579 | Lair:2   | Noticed a boulder beetle
 14602 | Lair:2   | Killed a boulder beetle
 15111 | Lair:2   | Found a staircase to the Snake Pit.
 15778 | Lair:3   | Received a gift from Okawaru
 15850 | Lair:3   | You fall into a shaft and drop 2 floors!
 15865 | Lair:5   | Reached skill level 10 in Axes
 16326 | Lair:5   | Noticed a death yak
 16355 | Lair:5   | Noticed a death yak
 16357 | Lair:5   | Noticed a death yak
 16359 | Lair:5   | Noticed a death yak
 16386 | Lair:5   | Killed a death yak
 16390 | Lair:5   | Killed a death yak
 16412 | Lair:5   | Killed a death yak
 16413 | Lair:5   | Reached skill level 11 in Shields
 16435 | Lair:5   | Killed a death yak
 16436 | Lair:5   | Reached XP level 13. HP: 57/78 MP: 17/19
 18256 | Lair:3   | Received a gift from Okawaru
 18658 | Lair:3   | Found a staircase to the Shoals.
 19324 | Lair:4   | Identified the +4 scale mail of Weightlessness {rPois rCorr
                  | SInv}
 19492 | Lair:4   | Identified a scroll of acquirement
 20860 | Lair:6   | Entered Level 6 of the Lair of Beasts
 21228 | Lair:6   | Received a gift from Okawaru
 21229 | Lair:6   | Reached skill level 10 in Invocations
 21232 | Lair:6   | Reached skill level 12 in Shields
 21611 | Lair:6   | Gained mutation: Your large and strong wings let you fly.
                  | [Gargoyle growth]
 21611 | Lair:6   | Reached XP level 14. HP: 33/86 MP: 17/21
 21908 | Lair:6   | Found a viscous altar of Jiyva.
 21908 | Lair:6   | Found a staircase to the Slime Pits.
 22494 | Lair:6   | Noticed a dire elephant
 22526 | Lair:6   | HP: 2/86 [dire elephant (7)]
 22531 | Lair:6   | Mangled by a dire elephant

Illustrated notes

Levels and vault maps discovered:
D:1:      scummos_arrival_forest, layout_loops_ring,
          chequers_ecumenical_altar_twisty, minmay_misc_feat_nine_boxes
D:2:      layout_loops_ring, uniq_crazy_yiuf_cottage
D:3:      layout_loops_ring, dk_noncrumbling_2
D:4:      minmay_inner_zag, layout_basic, minmay_temple_entry_mini_moons,
          chequers_serial_rivers_small_b
D:5:      layout_basic, nicolae_overflow_hidden_temple, uniq_grinder,
          uniq_eustachio, uniq_edmund, uniq_menkaure
D:6:      layout_basic, lemuel_coloured_pillars_altar
D:7:      layout_gridville, nicolae_ru_the_path_less_chosen,
          chequers_serial_rivers_small_b
D:8:      layout_loops_corners, nicolae_ashenzari_panopticon, minmay_lizard_king
D:9:      layout_loops_corners
D:10:     layout_layer_cave, minmay_overflow_temple_star_quad,
          grunt_lair_entry_orc_guard_hut
Temple:   zaba_magenta_temple
Lair:1:   layout_regular_city
Lair:2:   layout_chaotic_city, minmay_snake_entry_guardpost_small,
          lemuel_fruit_fields, grunt_megastairs_2, lemuel_fruit_tree,
          lemuel_fruit_fields
Lair:3:   minmay_lair_venomous_thicket, layout_long_grid,
          elwin_shoals_entry_rooms, grunt_forest_small_clearings
Lair:4:   layout_misc_corridors
Lair:5:   layout_gridlike
Lair:6:   gammafunk_lair_ancient_temple, layout_hall_layers, slime_altar_1,
          gauntlet_entry_generic, minivault_23, st_stairs_4,
          serial_bayou_pond_d, tgw_fedhas

Skill      XL: |  1  2  3  4  5  6  7  8  9 10 11 12 13 14 |
---------------+-------------------------------------------+-----
Axes           | 2 3 4 6 7 8 9 10 11 | 11.5
Armour         | 4 5 6 7 8 9 |  9.7
Shields        | 4 5 7 8 9 11 12 | 12.3
Evocations     | 1 2 3 5 6 7 8 9 |  9.1
Dodging        | 1 |  1.1
Fighting       | 4 5 6 7 8 9 |  9.4
Invocations    | 2 3 5 6 7 9 10 | 10.4

Action                   |  1- 3 |  4- 6 |  7- 9 | 10-12 | 13-15 || total
-------------------------+-------+-------+-------+-------+-------++-------
Melee: War axe           |    55 |   160 |   177 |       |   374 ||   766
       Hand axe          |       |       |   155 |   965 |   227 ||  1347
       Flail             |       |       |       |    12 |    99 ||   111
Invok: Heroism           |       |       |       |     3 |     6 ||     9
Evoke: Wand              |     5 |       |     3 |     2 |       ||    10
  Use: Scroll            |     4 |    11 |     4 |       |     4 ||    23
       Potion            |     1 |       |     2 |     1 |     6 ||    10
Armor: Scale mail        |    45 |    16 |       |    36 |   427 ||   524
       Chain mail        |       |    66 |   236 |    78 |       ||   380
       Plate armour      |       |       |       |   378 |       ||   378
Dodge: Dodged            |    30 |    41 |    81 |   221 |   288 ||   661
Block: Kite shield       |    35 |    90 |   241 |   644 |   595 ||  1605

Table legend: (Time is in decaauts)
 A = Elapsed time spent in this place.
 B = Non-inter-level travel time spent in this place.
 C = Inter-level travel time spent in this place.
 D = Time resting spent in this place.
 E = Time spent auto-exploring this place.
 F = Levels seen in this place.
 G = Mean time per level.
                   A        B        C        D        E       F      G
               +--------+--------+--------+--------+--------+-----+--------+
         Total |  22697 |  22612 |     85 |   7553 |  10037 |  17 | 1335.1 |
       Dungeon |  12648 |  12563 |     85 |   2998 |   7057 |  10 | 1264.8 |
        Temple |     72 |     72 |      0 |      0 |     44 |   1 |   72.0 |
          Lair |   9976 |   9976 |      0 |   4555 |   2936 |   6 | 1662.7 |
               +--------+--------+--------+--------+--------+-----+--------+

Top non-repeatable levels by time:
  Lair:5: 2673 daAuts
     D:9: 1845 daAuts
     D:8: 1768 daAuts
  Lair:2: 1742 daAuts
  Lair:4: 1615 daAuts
     D:4: 1594 daAuts
     D:5: 1519 daAuts
  Lair:1: 1494 daAuts
  Lair:3: 1482 daAuts
    D:10: 1371 daAuts
     D:2: 1153 daAuts
  Lair:6: 967 daAuts
     D:3: 913 daAuts
     D:6: 902 daAuts
     D:7: 821 daAuts
